 Dungeon Crawl Stone Soup version 0.25-a0-522-g2462c7b (webtiles) character file.

Game seed: 16852626320701153019, levelgen mode: deterministic

152 NeededCrab the Grasshopper (level 5, -9/43 HPs)
             Began as a Gnoll Warper on Feb 18, 2020.
             Was an Initiate of Ashenzari.
             Killed from afar by Ijyb (20 damage)
             ... with a bolt of acid
             ... on level 3 of the Dungeon.
             The game lasted 00:12:12 (3004 turns).

NeededCrab the Grasshopper (Gnoll Warper)           Turns: 3004, Time: 00:12:12

Health: -9/43      AC:  3    Str: 14    XL:     5   Next: 34%
Magic:  10/12      EV: 14    Int: 15    God:    Ashenzari [......]
Gold:   165        SH:  0    Dex: 15    Spells: 3/14 levels left

rFire    . . .     SeeInvis .   a - +0 falchion
rCold    . . .     Gourm    .   (no shield)
rNeg     . . .     Faith    .   b - +0 leather armour (curse)
rPois    .         Spirit   .   (no helmet)
rElec    .         Reflect  .   (no cloak)
rCorr    .         Harm     .   (no gloves)
MR       .....                  (no boots)
Stlth    ++........             (no amulet)
HPRegen  0.14/turn              n - ring of flight (curse)
MPRegen  0.13/turn              (no ring)

@: shrouded
A: distributed training, fangs 1, strong nose
a: Curse Item, Renounce Religion, Evoke Flight


You were on level 3 of the Dungeon.
You worshipped Ashenzari.
Ashenzari was noncommittal.
You were not hungry.

You visited 1 branch of the dungeon, and saw 3 of its levels.

You collected 165 gold pieces.

Inventory:

Hand Weapons
 a - a +0 falchion (weapon)
Missiles
 e - 5 boomerangs of dispersal (quivered)
Armour
 b - a cursed +0 leather armour (worn)
Jewellery
 n - a cursed ring of flight (left hand)
Wands
 o - a wand of scattershot (9)
Scrolls
 c - 3 scrolls of teleportation {unknown}
 d - 2 scrolls of blinking
 g - 2 scrolls of remove curse
 h - a scroll of fear {unknown}
 j - a scroll of noise {unknown}
 m - a scroll of fog {unknown}
 q - a scroll of magic mapping {unknown}
Potions
 i - a potion of flight {unknown}
 k - a potion of heal wounds {unknown}
 l - a potion of might {unknown}
 p - a potion of mutation {unknown}
 s - a potion of resistance
Comestibles
 f - 4 rations
 r - 3 chunks of flesh


   Skills:
 + Level 4.7 Fighting
 + Level 1.4 Short Blades
 + Level 4.7 Long Blades
 + Level 1.4 Axes
 + Level 1.4 Maces & Flails
 + Level 1.4 Polearms
 + Level 1.4 Staves
 + Level 1.4 Slings
 + Level 1.4 Bows
 + Level 1.4 Crossbows
 + Level 2.9 Throwing
 + Level 2.9 Armour
 + Level 4.7 Dodging
 + Level 1.4 Stealth
 + Level 1.4 Shields
 + Level 1.4 Unarmed Combat
 + Level 5.2 Spellcasting
 + Level 1.1 Conjurations
 + Level 1.1 Hexes
 + Level 1.1 Charms
 + Level 1.1 Summonings
 + Level 1.1 Necromancy
 + Level 5.5 Translocations
 + Level 1.1 Transmutations
 + Level 1.1 Fire Magic
 + Level 1.1 Ice Magic
 + Level 1.1 Air Magic
 + Level 1.1 Earth Magic
 + Level 1.1 Poison Magic
 + Level 1.6 Invocations
 + Level 1.4 Evocations


You had 3 spell levels left.
You knew the following spells:

 Your Spells              Type           Power        Failure   Level  Hunger
a - Shroud of Golubria    Chrm/Tloc      ##....       8%          2    ##.....
b - Teleport Other        Tloc           ###.....     6%          3    ###....
c - Passage of Golubria   Tloc           N/A          21%         4    ####...
B - Blink                 Tloc           N/A          3%          2    ##.....

Your spell library contained the following spells:

 Spells                   Type           Power        Failure   Level  Hunger
 Gell's Gravitas          Tloc           ###.......   6%          3    ###....
 Lesser Beckoning         Tloc           ###.......   6%          3    ###....


Dungeon Overview and Level Annotations

Branches:
Dungeon (3/15)

Altars:
Ashenzari

Annotations:
D:3 Ijyb


Innate Abilities, Weirdness & Mutations

Your experience applies equally to all skills.
You have very sharp teeth.
Your uncanny sense of smell can sniff out nearby items.


Message History

The gnoll hits you with a +0 spear!
Casting: Shroud of Golubria (safe; 8% risk of failure)
Confirm with . or Enter, or press ? or * to list all spells.
Space distorts slightly along a thin shroud covering your body.
The gnoll hits you but does no damage.
You barely miss the gnoll. Your bite misses the gnoll.
The gnoll is severely wounded.
Your shroud bends the gnoll's attack away.
The gnoll barely misses you.
You barely miss the gnoll.
The gnoll is severely wounded.
A gnoll comes into view. It is wielding a +0 whip.
The gnoll hits you with a +0 spear.
* * * LOW HITPOINT WARNING * * *
You hit the gnoll.
You kill the gnoll!
Ijyb shouts!
Unknown command.
Ijyb zaps a wand.
The bolt of acid hits you!!
You die...

.......#.####.............######
#.######.#....##..........#
#..[.......#######.##.....#
####..##.#...## #.##.....#
#...........g.###.#......#
##.##.(...................# ####
...# ..............##.....###....
.### ..........#....########.....
...##...........@##.# #......
......###..#.##.###.## #......
................# #..# #......
...............#####.######......
.................###.....)g......
...................#########.....
#............#..##.## ......
#.#.................. ......
#.#..................( ......


You could see Ijyb.

Vanquished Creatures
  A bullfrog skeleton (D:3)
  5 gnolls
  2 adders
  A worm (D:3)
  2 dart slugs (D:1)
  3 orcs (D:3)
  2 ball pythons
  2 giant cockroaches
  8 goblins
  3 hobgoblins (D:1)
  7 kobolds
  10 bats
  2 frilled lizards
  5 rats
53 creatures vanquished.

Notes
Turn   | Place    | Note
-------+----------+-------------------------------------------
     0 | D:1      | NeededCrab the Gnoll Warper began the quest for the Orb.
     0 | D:1      | Reached XP level 1. HP: 20/20 MP: 6/6
   118 | D:1      | Reached XP level 2. HP: 26/26 MP: 7/7
   632 | D:1      | Learned a level 2 spell: Blink
   636 | D:1      | Learned a level 2 spell: Shroud of Golubria
   753 | D:1      | Reached XP level 3. HP: 31/31 MP: 9/9
   818 | D:1      | Reached skill level 5 in Spellcasting
  1169 | D:2      | Reached skill level 1 in Invocations
  1174 | D:2      | Reached skill level 1 in Short Blades
  1174 | D:2      | Reached skill level 1 in Axes
  1174 | D:2      | Reached skill level 1 in Maces & Flails
  1174 | D:2      | Reached skill level 1 in Polearms
  1174 | D:2      | Reached skill level 1 in Staves
  1174 | D:2      | Reached skill level 1 in Slings
  1174 | D:2      | Reached skill level 1 in Bows
  1174 | D:2      | Reached skill level 1 in Crossbows
  1174 | D:2      | Reached skill level 1 in Stealth
  1174 | D:2      | Reached skill level 1 in Shields
  1174 | D:2      | Reached skill level 1 in Unarmed Combat
  1174 | D:2      | Reached skill level 1 in Evocations
  1174 | D:2      | Reached XP level 4. HP: 14/38 MP: 11/11
  1561 | D:2      | Found a shattered altar of Ashenzari.
  1684 | D:2      | Became a worshipper of Ashenzari the Shackled
  2119 | D:2      | Learned a level 3 spell: Teleport Other
  2372 | D:3      | Reached skill level 1 in Conjurations
  2372 | D:3      | Reached skill level 1 in Hexes
  2372 | D:3      | Reached skill level 1 in Charms
  2372 | D:3      | Reached skill level 1 in Summonings
  2372 | D:3      | Reached skill level 1 in Necromancy
  2372 | D:3      | Reached skill level 1 in Transmutations
  2372 | D:3      | Reached skill level 1 in Fire Magic
  2372 | D:3      | Reached skill level 1 in Ice Magic
  2372 | D:3      | Reached skill level 1 in Air Magic
  2372 | D:3      | Reached skill level 1 in Earth Magic
  2372 | D:3      | Reached skill level 1 in Poison Magic
  2372 | D:3      | Reached XP level 5. HP: 33/43 MP: 12/12
  2473 | D:3      | Learned a level 4 spell: Passage of Golubria
  2906 | D:3      | Noticed Ijyb
  3004 | D:3      | Killed from afar by Ijyb

Levels and vault maps discovered:
D:1:      dpeg_arrival_fog, layout_loops_corners
D:2:      layout_loops_cross, evilmike_ruin_ashenzari, first_ration
D:3:      layout_rooms, uniq_crazy_yiuf_cottage, uniq_ijyb

Skill      XL: |  1  2  3  4 |
---------------+-------------+-----
Spellcasting   | 5 |  5.2
Invocations    | 1 |  1.6
Short Blades   | 1 |  1.4
Axes           | 1 |  1.4
Maces & Flails | 1 |  1.4
Polearms       | 1 |  1.4
Staves         | 1 |  1.4
Slings         | 1 |  1.4
Bows           | 1 |  1.4
Crossbows      | 1 |  1.4
Stealth        | 1 |  1.4
Shields        | 1 |  1.4
Unarmed Combat | 1 |  1.4
Evocations     | 1 |  1.4
Conjurations   | 1 |  1.1
Hexes          | 1 |  1.1
Charms         | 1 |  1.1
Summonings     | 1 |  1.1
Necromancy     | 1 |  1.1
Transmutations | 1 |  1.1
Fire Magic     | 1 |  1.1
Ice Magic      | 1 |  1.1
Air Magic      | 1 |  1.1
Earth Magic    | 1 |  1.1
Poison Magic   | 1 |  1.1
Fighting       | |  4.7
Long Blades    | |  4.7
Throwing       | |  2.9
Armour         | |  2.9
Dodging        | |  4.7
Translocations | |  5.5

Action                   |  1- 3 |  4- 6 || total
-------------------------+-------+-------++-------
Melee: Falchion          |    64 |   116 ||   180
       Bite              |     8 |    11 ||    19
 Cast: Blink             |     1 |       ||     1
       Shroud of Golubri |       |     5 ||     5
Invok: Curse Item        |       |     2 ||     2
 Stab: Sleeping          |     3 |     1 ||     4
  Eat: Chunk             |       |     7 ||     7
Armor: Leather armour    |    14 |    23 ||    37
Dodge: Dodged            |    45 |    86 ||   131
       Rpst.: Falchion   |    16 |    22 ||    38

Table legend:
 A = Non-vault XP
 B = Vault XP
 C = Vault XP percentage of total XP
 D = Non-vault monster count
 E = Vault monster count
 F = Vault count percentage of total count
                 A         B        C        D         E       F
            +---------+---------+-------+---------+---------+-------
      Total |     218 |       0 |   0.0 |      53 |       0 |   0.0
            +---------+---------+-------+---------+---------+-------
        D:1 |      39 |       0 |   0.0 |      23 |       0 |   0.0
        D:2 |      90 |       0 |   0.0 |      18 |       0 |   0.0
        D:3 |      89 |       0 |   0.0 |      12 |       0 |   0.0
            +---------+---------+-------+---------+---------+-------
